Unix NetHack Version 5.0.0-0 post-release - last build Jun 10 2026 00:39:30 (3ee93aec679c4c4259841fe613dc97188e26a321,branch:main).

Game began 2026-06-26 06:04:28, ended 2026-06-26 07:37:16.

DiePARTEI, neutral female human Tourist

                          --------------------------
                          |.^^^^^^^^^^.....^......>|
                          |.----------------.......|
                          |.|         ------.-------
                          |.|         |......[%d@`|
                          |.|         |0.0...0.0.0|
                          |.|         |----.--------
                          |.|         |.0..........|
                          |.|         |..........0.|
                          |.|------   --------.-----
                          |.|.....|--  |..........|
                          |.|.....+.|  |...0.....0|
                          |.|.....|-|  --.0...0.0.|
                          |.+.....+.|   ----.-------
                          --|.....|-|     |.....0..|
                            |.....+.|     |........|
                            |.....|--     ------...|
                            -------            -----
DiePARTEI the Excursionist  St:25 Dx:13 Co:18 In:11 Wi:13 Ch:15  Neutral
Dlvl:4  $:0  HP:0(96) Pw:43(43) AC:0  Xp:9 T:15008  Burdened

Latest messages:
 The soldier picks up an elven dagger.
 The soldier picks up a studded leather armor.
 In what direction? 4
 The dart hits the soldier!
 The soldier picks up an elven mithril-coat.
 Something is written here in the dust.
 You read: "jkcvQlcdG(".
 The soldier picks up a +2 dart.
 What do you want to zap? [dmnGS or ?*] S
 In what direction? 4
 The soldier's boots smoulder!
 The bolt of fire hits the soldier!
 The soldier's boots smoulder!
 The bolt of fire hits the soldier!
 The soldier thrusts his spear.
 The soldier hits!
 You kill the soldier!
 The soldier wields a spear!
 What do you want to zap? [dmnGS or ?*] S
 In what direction? 4
 The lamp called oil catches light!
 The soldier's boots smoulder further!
 You kill the soldier!
 There are many objects here.
 E - a burnt pair of jackboots.
 You have a little trouble lifting an elven mithril-coat.  Continue? [ynq] (q) y
 You have a little trouble lifting M - an elven mithril-coat.
 O - a K-ration.
 P - a lamp called oil (lit).
 Your movements are slowed slightly because of your load.
 There are several objects here.
 You have a little trouble lifting O - a K-ration (2 in total).
 You have a little trouble lifting a - a +2 dart (at the ready) (12 in total).
 You hear a jackal howling at the moon.
 You have a little trouble lifting Q - a visored helmet.
 R - a wooden shield.
 There are several objects here.
 There are several objects here.
 What do you want to zap? [dmnGS or ?*] S
 In what direction? 4
 The bolt of fire hits the warg!
 The warg bites!
 You hit the warg!
 The warg bites!
 You die...
 Do you want your possessions identified? [ynq] (y) y
 Do you want to see your attributes? [ynq] (y) y
 Do you want an account of creatures vanquished? [ynaq] (y) y
 Do you want to see your conduct and achievements? [ynq] (y) y
 Do you want to see the dungeon overview? [ynq] (y) y

Inventory:
 Weapons  (')')
  a - 12 +2 darts (at the ready)
  X - 42 +0 darts
  N - a greased +4 silver dagger (alternate weapon; not wielded)
  J - the greased +1 Werebane (weapon in left hand)
 Armor    ('[')
  Q - an uncursed +0 helmet
  z - an uncursed greased +0 orcish helm (being worn)
  L - an uncursed greased +0 pair of gauntlets of power (being worn)
  E - an uncursed burnt +0 pair of high boots
  F - an uncursed greased +0 pair of iron shoes (being worn)
  U - an uncursed +0 elven shield (being worn)
  R - an uncursed +0 small shield
  I - a cursed +0 elven cloak (being worn)
  H - an uncursed +0 Hawaiian shirt with a giant eel motif (being worn)
  M - an uncursed +0 elven mithril-coat
  K - an uncursed +0 studded leather armor (being worn)
 Comestibles  ('%')
  C - 9 uncursed food rations
  f - 2 uncursed fortune cookies
  O - 2 uncursed K-rations
  A - an uncursed sprig of wolfsbane
  h - an uncursed tripe ration
  u - an uncursed lizard corpse
 Rings    ('=')
  q - an uncursed ring of stealth (on right hand)
 Wands    ('/')
  m - a wand of digging (0:5)
  S - a wand of fire (0:4)
  n - a wand of make invisible (0:7)
  G - a wand of sleep (0:6)
  d - a wand of striking (0:0)
 Tools    ('(')
  s - a blessed greased bag of holding named coldres,poisres,shockres containing 39 items
  r - an empty uncursed greased sack
  k - a can of grease (0:2)
  j - an expensive camera (0:93)
  o - an uncursed mirror
  D - an uncursed mirror
  x - an uncursed oil lamp
  P - an uncursed oil lamp (lit)
  w - an uncursed skeleton key
  c - a +0 unicorn horn
 Gems/Stones  ('*')
  W - 2 uncursed worthless pieces of black glass
  t - 2 uncursed worthless pieces of blue glass
  v - 2 uncursed worthless pieces of red glass
  y - 2 uncursed worthless pieces of violet glass
  l - a cursed worthless piece of violet glass
  B - 3 uncursed worthless pieces of white glass

Contents of the bag of holding named coldres,poisres,shockres:
  414 gold pieces
  a corroded +2 dart
  an uncursed greased thoroughly burnt +0 alchemy smock with text "I am an alche?is ; if you see me running, try to catch up..."
  an uncursed +0 mummy wrapping
  an uncursed +0 Hawaiian shirt with a toucan motif
  8 uncursed scrolls of blank paper
  an uncursed scroll of confuse monster
  an uncursed scroll of destroy armor
  2 uncursed scrolls of earth
  an uncursed scroll of enchant armor
  an uncursed scroll of genocide
  a cursed scroll of gold detection
  an uncursed scroll of remove curse
  an uncursed spellbook of healing
  a cursed potion of gain energy
  a blessed potion of monster detection
  an uncursed diluted potion of sickness
  an uncursed potion of water
  an uncursed ring of conflict
  a cursed ring of fire resistance
  an uncursed ring of levitation
  a cursed ring of polymorph
  a cursed ring of polymorph
  an uncursed ring of sustain ability
  an uncursed ring of sustain ability
  a wand of create monster (0:12)
  a wand of create monster named mpty (0:0)
  a wand of light (0:13)
  a wand of nothing (0:11)
  a wand of speed monster (0:3)
  a wand of stasis (0:5)
  a can of grease (0:24)
  an uncursed chrysoberyl stone
  an uncursed fluorite stone
  an uncursed jet stone
  an uncursed turquoise stone
  an uncursed worthless piece of green glass
  an uncursed worthless piece of yellow glass
  an uncursed worthless piece of yellowish brown glass

DiePARTEI the Tourist's attributes:

Background:
 You were an Excursionist, a level 9 female human Tourist.
 You were neutral, on a mission for The Lady
 who was opposed by Blind Io (lawful) and Offler (chaotic).
 You were left-handed.
 You were in Sokoban, on level 4.
 You entered the dungeon 15008 turns ago.
 You had 3706 experience points, 1414 more were needed to attain level 10.

Basics:
 You had 0 out of 96 hit points.
 You had all 43 energy points (spell power).
 Your armor class was 0.
 Your wallet was empty, but
 you had 414 zorkmids stashed away in your pack.
 Autopickup was off.

Final Characteristics:
 Your strength was 25 (base:11, innate limit:18/100).
 Your dexterity was 13 (limit:18).
 Your constitution was 18 (limit:18).
 Your intelligence was 11 (limit:18).
 Your wisdom was 13 (limit:18).
 Your charisma was 15 (limit:18).

Final Status:
 You weren't hungry.
 You were burdened; movement was slightly slowed.
 You were wielding a saber.
 You were skilled in saber.

Final Attributes:
 You were piously aligned.
 You were cold resistant.
 You were shock resistant.
 You were poison resistant.
 You were telepathic.
 You were stealthy.
 You were warded.
 You are dead.

Miscellaneous:
 You didn't encounter any bones levels.
 Total elapsed playing time was 1 hour, 32 minutes and 47 seconds.

Major events:
 Turn
    1: DiePARTEI the neutral female human Tourist entered the dungeon
 1029: attained the rank of Sightseer (level 3)
 1511: entered the Gnomish Mines
 2605: chose a runed dagger to be named "Sting"
 3053: was bestowed with Ogresmasher by The Lady
 3639: was bestowed with Trollsbane by The Lady
 5743: attained the rank of Excursionist (level 6)
 7137: was bestowed with Werebane by The Lady
 9993: reached Mine Town
10188: read a Discworld novel
13207: entered Sokoban
13426: completed 1st Sokoban level
13773: completed 2nd Sokoban level
14531: completed 3rd Sokoban level
15008: killed by a warg

Spells:
 Name                 Level Category     Fail Retention
 healing                1   healing      100%  76%-100%

Skills:
 Fighting Skills
   bare handed combat [Skilled]
   two weapon combat  [Unskilled]
   riding             [Unskilled]
 Weapon Skills
   dagger             [Skilled]
   knife              [Unskilled]
   axe                [Unskilled]
   pick-axe           [Unskilled]
   short sword        [Unskilled]
   broadsword         [Unskilled]
   long sword         [Unskilled]
   two-handed sword   [Unskilled]
   saber              [Skilled]
   mace               [Unskilled]
   morning star       [Unskilled]
   flail              [Unskilled]
   hammer             [Unskilled]
   quarterstaff       [Unskilled]
   polearms           [Unskilled]
   spear              [Unskilled]
   trident            [Unskilled]
   lance              [Unskilled]
   bow                [Unskilled]
   sling              [Unskilled]
   crossbow           [Unskilled]
   dart               [Basic]
   shuriken           [Unskilled]
   boomerang          [Unskilled]
   whip               [Unskilled]
   unicorn horn       [Unskilled]
 Spellcasting Skills
   divination spells  [Unskilled]
   enchantment spells [Unskilled]
   escape spells      [Unskilled]

Voluntary challenges:
 Character rerolling was not enabled.
 You never genocided any monsters.
 You never polymorphed an object.
 You never changed form.
 You used no wishes.
 You did not violate any of the special Sokoban rules.
Achievements:
 You entered a shop.
 You attained the rank of Sightseer.
 You entered the Gnomish Mines.
 You attained the rank of Excursionist.
 You entered Minetown.
 You entered a temple.
 You read from a Discworld novel.
 You entered Sokoban.

 The Dungeons of Doom: levels 1 to 8
    Level 1:
       A fountain.
    Level 2:
       A tool shop.
    Level 3:
       A weapon shop, an altar to The Lady.
       Stairs down to The Gnomish Mines.
    Level 4:
       Many fountains.
    Level 5:
       A grave.
    Level 6:
    Level 7:
    Level 8:
       Stairs up to Sokoban, level 7.
 The Gnomish Mines: levels 4 to 6
    Level 4:
    Level 5:
    Level 6:
       Many shops, a temple and an altar, some fountains.
 Sokoban: levels 7 up to 4
    Level 4: <- You were here.
       Unsolved.
       Final resting place for
          you, killed by a warg.
    Level 5:
       Solved.
    Level 6:
       Solved.
    Level 7:
       Solved.


Vanquished creatures:
  a giant mimic
  a gelatinous cube
  a tengu
  a red naga
  a leather golem
  3 soldiers
  a quivering blob
  4 winter wolf cubs
  a leprechaun
  a dwarf mummy
  a rust monster
  a gold golem
  a werewolf
  3 Green-elves
  a lizard
  a chickatrice
  a dog
  a blue jelly
  a white unicorn
  a raven
  2 gnome mummies
  2 snakes
  2 human zombies
  a soldier ant
  2 fire ants
  a bugbear
  2 imps
  3 wood nymphs
  a water nymph
  3 rock piercers
  5 rock moles
  a pony
  5 fog clouds
  3 yellow lights
  3 shriekers
  a violet fungus
  7 gnome leaders
  2 gnomish wizards
  2 gray oozes
  a straw golem
  a paper golem
  7 floating eyes
  a kitten
  7 dwarves
  4 homunculi
  3 kobold leaders
  2 kobold shamans
  3 rothes
  3 centipedes
  2 giant bats
  a monkey
  4 orc zombies
  5 dwarf zombies
  a wererat
  2 werejackals
 10 iguanas
  3 acid blobs
  4 coyotes
  a gas spore
  2 hobbits
  3 manes
  a hobgoblin
  8 giant rats
 16 cave spiders
  3 brown molds
  a yellow mold
  2 green molds
  a red mold
 22 gnomes
  3 garter snakes
  2 gnome zombies
 13 geckos
 14 jackals
  a kobold
  7 goblins
  5 sewer rats
 21 grid bugs
  8 lichens
  5 kobold zombies
  9 newts
287 creatures vanquished.

No species were genocided or became extinct.

Game over:
                       ----------
                      /          \
                     /    REST    \
                    /      IN      \
                   /     PEACE      \
                  /                  \
                  |    DiePARTEI     |
                  |      414 Au      |
                  | killed by a warg |
                  |                  |
                  |                  |
                  |                  |
                  |       2026       |
                 *|     *  *  *      | *
        _________)/\\_//(\/(/\)/\//\/|_)_______

Aloha DiePARTEI the Tourist...

You died in Sokoban on dungeon level 4 with 15235 points,
and 414 pieces of gold, after 15008 moves.
You were level 9 with a maximum of 96 hit points when you died.

